Map: Blackburn LE

Players

cure

  • Race: Terran Terran

Reynor - Winner!

  • Race: Zerg Zerg

Event: ASUS ROG Fall 2021

VOD

Have the link to the VOD?

Description

Time

  • Played on: Sept. 18, 2021, 7:02 a.m.
  • Length: 14:42

All games in this series

Show
View Real Time Build Order
Export as new Build Order

cure Terran 

Build Orders:  

Get SALT Encoding   

  12  0:00  SCV  
  13  0:12  SCV  
  14  0:17  Supply Depot  
  14  0:24  SCV  
  15  0:39  SCV, Barracks  
  16  0:44  Refinery  
  16  0:51  SCV  
  17  1:03  SCV  
  18  1:15  SCV  
  19  1:27  Orbital Command  
  19  1:28  Barracks Reactor  
  19  1:40  Command Center  
  19  1:50  Supply Depot  
  19  1:53  SCV  
  20  2:04  Marine x2  
  20  2:05  SCV  
  23  2:09  Barracks  
  23  2:17  SCV  
  23  2:22  Marine x2  
  26  2:27  Barracks  
  27  2:30  SCV  
  27  2:39  Marine x2  
  27  2:43  SCV  
  30  2:51  Supply Depot  
  30  2:55  SCV  
  30  2:56  Barracks Tech Lab  
  31  3:12  Marine x2  
  31  3:13  SCV  
  31  3:14  Barracks Tech Lab  
  31  3:15  Marine, Stimpack  
  31  3:19  Orbital Command  
  35  3:25  SCV  
  36  3:30  Marine x2  
  36  3:33  Marine x2, Combat Shield  
  40  3:37  SCV  
  40  3:41  Supply Depot  
  41  3:45  SCV  
  42  3:48  Marine x2  
  42  3:49  SCV  
  42  3:50  Marine  
  42  3:51  Marine  
  47  3:58  SCV  
  47  3:59  Supply Depot  
  48  4:05  Factory  
  48  4:06  SCV  
  48  4:09  Marine x3  
  52  4:10  Marine, SCV  
  54  4:18  SCV  
  54  4:22  SCV  
  56  4:25  Supply Depot  
  56  4:26  Engineering Bay  
  56  4:27  Refinery  
  56  4:30  Supply Depot, SCV  
  57  4:34  Marine x4, SCV  
  62  4:40  Refinery  
  62  4:43  Refinery, SCV  
  63  4:46  SCV  
  63  4:51  Starport  
  63  4:52  Factory Reactor  
  64  4:55  SCV  
  64  4:58  Marine x2, SCV  
  68  5:05  Barracks Reactor  
  67  5:09  SCV  
  67  5:10  SCV  
  69  5:21  Marine x3  
  59  5:23  SCV x2, Terran Infantry Weapons Level 1  
  64  5:34  Medivac x2  
  68  5:37  Siege Tank  
  68  5:39  Marine x3  
  74  5:43  Marine x2  
  74  5:47  Supply Depot  
  74  5:48  Supply Depot  
  76  5:57  Marine x3  
  76  6:01  Marine x2  
  80  6:06  Medivac  
  80  6:10  Siege Tank  
  85  6:14  Marine x2, Supply Depot  
  85  6:15  Marine  
  88  6:19  Marine x2, Medivac  
  88  6:22  SCV x2  
  88  6:24  Supply Depot  
  94  6:32  Marine x3  
  95  6:36  Marine  
  95  6:37  Marine  
  99  6:42  Siege Tank  
  99  6:46  Medivac  
  104  6:50  Marine  
  104  6:51  Marine x2  
  105  6:54  Marine x2  
  105  6:56  Medivac  
  109  7:03  Supply Depot x2  
  109  7:08  Marine  
  110  7:09  Marine x2  
  110  7:12  Marine x2  
  110  7:14  Siege Tank  
  117  7:21  Medivac  
  118  7:26  Marine  
  118  7:27  Marine x2  
  94  7:30  Marine  
  94  7:33  Liberator  
  93  7:38  Marine  
  93  7:44  Marine  
  94  7:45  Marine x2  
  94  7:47  Siege Tank  
  94  7:48  Marine  
  94  7:51  Liberator  
  104  7:53  Command Center  
  104  7:55  Marine  
  105  8:07  Barracks  
  105  8:08  Marine x4, Barracks  
  109  8:13  Marine  
  110  8:23  Medivac, Siege Tank  
  115  8:28  Marine x4  
  115  8:31  Marine  
  115  8:34  Medivac  
  120  8:46  Marine x3  
  120  8:47  Marine  
  118  8:49  Marine  
  118  8:53  Liberator  
  118  8:55  SCV x2  
  116  9:00  Barracks Reactor x2  
  116  9:05  Siege Tank  
  116  9:08  Orbital Command  
  119  9:11  Marine x2  
  119  9:12  Supply Depot  
  119  9:17  Marine x3  
  124  9:29  Marine x2  
  125  9:33  Orbital Command  
  125  9:34  Marine x2  
  125  9:35  Marine  
  127  9:43  Marine x4  
  117  9:48  Marine  
  117  9:59  Supply Depot  
  117  10:00  Marine, Siege Tank  
  121  10:16  Marine x4  
  121  10:27  Marine  
  97  10:37  Marine x4  
  89  10:44  Marine x2  
  89  10:49  Marine x2  
  91  10:52  Marine  
  94  10:57  Siege Tank  
  97  11:05  Marine x4  
  97  11:10  Marine x2  
  97  11:11  Marine  
  104  11:14  Marine  
  104  11:15  Marine  
  106  11:27  Marine x2  
  106  11:28  Marine x4  
  109  11:35  Marine x3  
  112  11:45  Marine x2  
  114  11:49  Marine x4  
  114  11:53  Siege Tank  
  121  11:54  Marine  
  121  11:59  Marine  
  121  12:01  Marine  
  121  12:22  Marine x4  
  121  12:25  Siege Tank  
  121  12:27  Marine  
  122  12:37  Marine x4  
  122  12:42  Marine  
  89  12:47  Marine x2  
  91  12:51  Orbital Command  
  91  12:53  Marine x2  
  93  13:01  Marine x2  
  93  13:02  Marine  
  95  13:06  Marine x2  
  95  13:09  Marine  
  86  13:13  Marine x2  
  81  13:25  Marine x2, Orbital Command  
  77  13:36  Marine  
  78  13:42  Marine  
  78  13:44  Orbital Command  
  79  13:53  Marine x2  
  81  13:56  Marine  
  81  14:00  Marine, Orbital Command  
  80  14:06  Marine  
Show
View Real Time Build Order
Export as new Build Order

Reynor Zerg - Winner!

Build Orders: Pool First 

Get SALT Encoding   

  12  0:00  Drone  
  13  0:12  Overlord  
  13  0:17  Drone  
  14  0:30  Drone x2  
  16  0:40  Spawning Pool  
  15  0:44  Drone  
  15  0:48  Drone  
  17  1:08  Hatchery  
  17  1:11  Drone  
  17  1:27  Zergling x4  
  17  1:28  Zergling x2  
  17  1:30  Queen  
  22  1:33  Extractor  
  22  1:38  Overlord  
  21  1:50  Drone  
  22  2:00  Drone  
  23  2:05  Queen  
  25  2:10  Drone  
  26  2:20  Drone  
  26  2:22  Drone  
  28  2:26  Queen  
  30  2:33  Overlord  
  30  2:34  Drone  
  31  2:43  Drone x4  
  34  2:48  Metabolic Boost  
  35  2:51  Drone  
  35  2:54  Drone  
  36  3:02  Drone  
  37  3:12  Hatchery  
  36  3:14  Drone  
  36  3:16  Drone  
  36  3:18  Drone  
  36  3:19  Drone  
  40  3:22  Drone  
  40  3:25  Overlord  
  41  3:30  Overlord  
  41  3:32  Drone  
  42  3:38  Queen  
  44  3:46  Overlord  
  44  3:51  Drone x2  
  44  3:53  Zergling x8  
  44  3:55  Zergling x4  
  52  4:04  Queen  
  52  4:06  Drone x2  
  52  4:09  Overlord  
  56  4:10  Drone  
  56  4:11  Drone  
  56  4:15  Queen  
  59  4:24  Drone x5  
  64  4:28  Queen  
  64  4:30  Drone  
  67  4:32  Drone  
  67  4:35  Zergling x4  
  70  4:42  Zergling x4  
  70  4:45  Overlord  
  72  4:46  Zergling x4  
  72  4:49  Overlord  
  74  4:54  Lair  
  74  4:55  Baneling Nest  
  74  4:57  Zergling x2  
  74  5:05  Zergling x8  
  75  5:07  Zergling x2  
  75  5:11  Queen  
  72  5:15  Zergling x4  
  72  5:17  Zergling x2  
  68  5:22  Drone x2  
  68  5:23  Drone x3  
  68  5:25  Extractor  
  72  5:28  Drone  
  72  5:29  Queen, Drone x3  
  78  5:38  Zergling x4  
  78  5:41  Drone  
  78  5:42  Drone x3  
  84  5:45  Baneling x3  
  84  5:47  Hatchery  
  84  5:49  Queen  
  85  5:50  Zergling x4  
  85  5:51  Baneling  
  85  5:53  Zergling x2  
  85  5:54  Queen  
  90  5:57  Centrifical Hooks  
  90  6:01  Overlord  
  90  6:09  Extractor  
  90  6:10  Overlord  
  89  6:13  Drone  
  89  6:16  Drone, Evolution Chamber  
  90  6:19  Queen  
  90  6:20  Zergling x4  
  90  6:21  Zergling x6  
  90  6:22  Zergling x2  
  90  6:24  Baneling x5  
  98  6:29  Zergling x2, Overlord  
  98  6:30  Queen  
  98  6:31  Queen  
  102  6:33  Zergling x2  
  102  6:35  Baneling x3  
  102  6:37  Zergling x4  
  105  6:41  Baneling x2  
  105  6:42  Overlord  
  105  6:48  Overlord  
  105  6:52  Zergling x6  
  107  6:55  Queen  
  107  6:57  Zergling x4  
  107  7:00  Zerg Ground Armor Level 1  
  113  7:01  Zergling x6  
  113  7:05  Zergling x4  
  113  7:06  Zergling x4, Queen  
  120  7:10  Zergling x8  
  120  7:15  Zergling x2  
  120  7:24  Zergling x8  
  120  7:28  Zergling x6  
  98  7:32  Zergling x6, Queen x2  
  98  7:35  Baneling x7  
  104  7:41  Zergling x10, Queen  
  104  7:43  Zergling x2  
  112  7:45  Baneling x4  
  112  7:46  Zergling x2  
  112  7:50  Zergling x2  
  112  7:51  Queen  
  116  7:53  Zergling x4  
  116  7:56  Zergling x2  
  119  8:00  Zergling x2  
  120  8:06  Zergling x4  
  120  8:07  Zergling x2  
  120  8:08  Baneling x4  
  120  8:09  Baneling  
  120  8:11  Zergling x2  
  120  8:12  Zergling x12  
  130  8:18  Zergling x6  
  130  8:19  Baneling  
  133  8:20  Baneling x7  
  133  8:23  Overlord  
  133  8:27  Overlord  
  129  8:32  Overlord  
  125  8:44  Zergling x2  
  125  8:45  Zergling x16  
  125  8:48  Zergling x6  
  130  8:49  Zergling x4  
  130  8:51  Zergling x2  
  130  8:52  Zergling x4  
  126  8:56  Zergling x2  
  126  8:57  Zergling x2, Queen x2  
  126  9:01  Zergling x2  
  131  9:04  Baneling x6  
  131  9:05  Baneling x7  
  131  9:06  Zergling x2  
  131  9:07  Queen  
  131  9:09  Zergling x4  
  136  9:12  Zergling x2  
  137  9:18  Zergling x6  
  140  9:26  Zergling x4  
  140  9:29  Overlord  
  140  9:30  Zergling x2  
  138  9:32  Baneling  
  138  9:33  Queen x2, Baneling x7  
  139  9:39  Zergling x16  
  139  9:40  Zergling x6  
  139  9:48  Zergling x2  
  139  9:50  Zergling x6  
  139  9:51  Queen  
  141  9:55  Zergling x2  
  141  9:59  Zerg Melee Weapons Level 1  
  140  10:01  Zergling x2  
  140  10:02  Zergling x10  
  140  10:05  Zergling x6  
  146  10:08  Zergling x2  
  146  10:10  Baneling x6  
  146  10:12  Zergling x4  
  149  10:16  Zergling x2  
  149  10:19  Zergling x2  
  149  10:23  Zergling x8, Queen  
  149  10:26  Zergling x2  
  148  10:30  Zergling x6  
  148  10:32  Zergling x2  
  148  10:34  Zergling x2  
  113  10:38  Zergling x4  
  113  10:42  Zergling x4  
  105  10:43  Queen x3  
  105  10:46  Zergling x6  
  105  10:48  Zergling x2  
  105  10:49  Zergling x2  
  116  10:50  Baneling x2  
  116  10:51  Baneling x7  
  116  10:53  Zergling x2  
  116  10:54  Zergling x4  
  116  10:56  Hatchery  
  118  10:57  Zergling x6  
  118  10:58  Zergling x2  
  118  10:59  Queen  
  124  11:05  Baneling x4  
  124  11:06  Drone  
  124  11:08  Drone x3  
  123  11:14  Drone  
  123  11:16  Drone x2  
  123  11:17  Drone  
  122  11:19  Drone x2  
  122  11:20  Extractor, Queen, Evolution Chamber  
  122  11:23  Zergling x2  
  125  11:26  Zergling x2  
  125  11:30  Zergling x4  
  124  11:33  Zergling x2  
  124  11:36  Baneling  
  124  11:37  Baneling x7  
  124  11:38  Zergling x2  
  125  11:40  Zergling x4, Queen  
  125  11:44  Zergling x6  
  132  11:48  Zergling x6  
  132  11:52  Baneling x5  
  132  11:53  Baneling  
  135  11:56  Zergling x8  
  135  12:02  Zergling x6  
  135  12:03  Queen x3  
  135  12:07  Zergling x2  
  142  12:09  Baneling x7  
  135  12:19  Zergling x16  
  135  12:21  Zergling x8  
  146  12:23  Queen  
  146  12:24  Zergling x2  
  146  12:25  Zergling x4  
  146  12:29  Baneling x8  
  150  12:32  Zergling x2  
  142  12:38  Zergling x2  
  142  12:39  Zergling x4  
  142  12:40  Zergling x4  
  131  12:44  Zergling x2  
  131  12:45  Zergling x4  
  131  12:49  Zergling x4  
  136  12:52  Baneling  
  136  12:53  Zergling x2, Baneling x10  
  136  12:54  Zergling x2  
  138  12:58  Zergling x2  
  138  12:59  Zergling x8  
  138  13:05  Zergling x2  
  143  13:10  Zergling x2  
  143  13:11  Zergling x4  
  137  13:15  Zergling x2  
  133  13:21  Zergling x4  
  133  13:22  Zergling x2  
  133  13:26  Zergling x2  
  125  13:28  Queen x2  
  125  13:32  Zergling x12  
  134  13:36  Zergling x4  
  134  13:37  Zergling x2  
  137  13:42  Baneling x6  
  137  13:44  Zergling x8  
  143  13:49  Zergling x2  
  143  13:51  Zergling x2  
  143  13:52  Zergling x4  
  143  13:55  Zergling x2  
  147  13:59  Zergling x2  
  147  14:02  Baneling x15  
  148  14:04  Zergling x6  
  148  14:05  Zergling x10  
  148  14:08  Zergling x4  
  156  14:19  Zergling x8  
  158  14:34  Hatchery  
Tags
 
Add a new tag
Caveats
  • Supply blocks, unpowered buildings, or Contaminate may cause inaccurate times.
  • Supply counts are checked every 10 seconds.